 Dungeon Crawl Stone Soup version 0.28-a0-474-g535839065c (webtiles) character file.

Game seed: 13222741301915186233

56434 frogsbabysitter the Grappler (level 14, -1/148 HPs)
             Began as a Troll Fighter on Sept 15, 2021.
             Was a High Priest of Wu Jian.
             Slain by a warg (9 damage)
             ... led by an orc warlord
             ... on level 10 of the Dungeon.
             The game lasted 01:54:01 (19559 turns).

frogsbabysitter the Grappler (Troll Fighter)       Turns: 19559, Time: 01:54:02

Health: -1/148     AC:  7    Str: 36    XL:     14   Next: 42%
Magic:  0/13       EV:  9    Int:  5    God:    Wu Jian [*****.]
Gold:   1971       SH: 10    Dex:  9    Spells: 13/13 levels left

rFire   + . .      SeeInvis +     - Unarmed
rCold   x . .      Faith    .   b - +0 kite shield
rNeg    . . .      Spirit   +   K - +0 troll leather armour
rPois   .          Reflect  .   G - +1 hat
rElec   .          Harm     .   (no cloak)
rCorr   .          Rampage  .   (gloves unavailable)
Will    +....                   (boots unavailable)
Stlth   +.........              C - amulet of guardian spirit
HPRegen 2.34/turn               l - ring of see invisible
MPRegen 0.13/turn               T - ring "Ahoaczos" {Fire Drain Str+6}

@: mighty, serpent's lash
A: large, unfitting armour, claws 3, regeneration 1, shaggy fur 1, tough skin 1
a: Renounce Religion, Wall Jump, Serpent's Lash, Heavenly Storm


You were on level 10 of the Dungeon.
You worshipped Wu Jian.
Wu Jian was extremely pleased with you.
You visited 4 branches of the dungeon, and saw 20 of its levels.
You also visited: Ossuary.

You collected 1971 gold pieces.

Inventory:

Hand Weapons
 M - a +0 giant spiked club
 Y - the +7 mace "Sasypalywk" {protect, *Noise +Blink rN+}
   (You found it on level 4 of the Lair of Beasts)

   It grants its wielder temporary protection when it strikes (+7 to AC).
   rN:        It protects you from negative energy.
   +Blink:    It lets you blink.
   *Noise:    It may make noises in combat.
Missiles
 e - 447 stones
 f - 12 boomerangs (quivered)
 k - 78 poisoned darts
 Q - 10 atropa-tipped darts
Armour
 a - a +0 robe
 b - a +0 kite shield (worn)
 j - a +0 pair of boots
 E - a +1 robe of cold resistance
 G - a +1 hat (worn)
 K - a +0 troll leather armour (worn)
 S - a +0 tower shield
Jewellery
 l - a ring of see invisible (left claw)
 u - a +4 ring of evasion
 C - an amulet of guardian spirit (around neck)
 N - a ring of willpower
 T - the ring "Ahoaczos" (right claw) {Fire Drain Str+6}
   (You found it on level 1 of the Lair of Beasts)

   [ring of fire]

   It enhances your fire magic.
   Str:       It affects your strength (+6).
   rF:        It protects you from fire.
   rC:        It makes you vulnerable to cold.
   Drain:     It drains your maximum health when unequipped.
 W - the amulet of Luluith {Spirit +Blink Will- SInv}
   (You found it on level 3 of the Lair of Beasts)

   [amulet of guardian spirit]

   It causes incoming damage to be divided between your reserves of health and
   magic.
   SInv:      It lets you see invisible.
   +Blink:    It lets you blink.
   Will:      It decreases your willpower.
Wands
 o - a wand of flame (56)
 y - a wand of digging (24)
 U - a wand of polymorph (8)
Scrolls
 d - a scroll of brand weapon
 g - 4 scrolls of teleportation
 r - a scroll of enchant armour {unknown}
 t - a scroll of vulnerability
 B - a scroll of blinking
 F - a scroll of magic mapping
 H - 2 scrolls of identify
 I - 2 scrolls of immolation
 L - 2 scrolls of enchant weapon
 O - a scroll of fog
 P - a scroll of summoning
 R - 2 scrolls of amnesia
 X - a scroll of silence {unknown}
Potions
 c - 2 potions of might
 h - 3 potions of curing
 i - 4 potions of mutation
 m - 3 potions of brilliance
 n - 4 potions of flight
 p - a potion of resistance
 q - 3 potions of lignification
 s - a potion of heal wounds
 v - 2 potions of degeneration
 w - 2 potions of haste {unknown}
 x - 2 potions of magic
 z - a potion of invisibility {unknown}
 A - 3 potions of ambrosia
 D - 2 potions of attraction {unknown}
 J - 2 potions of cancellation {unknown}
Miscellaneous
 V - a phial of floods


   Skills:
 + Level 11.8 Fighting
 + Level 5.9 Maces & Flails
 + Level 10.0 Throwing
 - Level 2.4 Dodging
 + Level 10.8 Shields
 - Level 12.8 Unarmed Combat


You had 13 spell levels left.
You didn't know any spells.
Your spell library contained the following spells:

 Spells                   Type           Power      Damage    Failure   Level
 Apportation              Tloc           0%         N/A       52%         1
 Magic Dart               Conj           0%         1d3       52%         1
 Sandblast                Erth           0%         2d4       52%         1
 Ensorcelled Hibernation  Hex/Ice        0%         N/A       65%         2
 Passwall                 Tmut/Erth      0%         N/A       65%         2
 Searing Ray              Conj           0%         2d4       65%         2
 Call Canine Familiar     Summ           0%         N/A       87%         3
 Conjure Flame            Conj/Fire      0%         6-21      87%         3
 Dazzling Flash           Conj/Hex       0%         N/A       87%         3
 Gell's Gravitas          Tloc           0%         N/A       87%         3
 Inner Flame              Hex/Fire       0%         N/A       87%         3
 Lesser Beckoning         Tloc           0%         N/A       87%         3
 Portal Projectile        Hex/Tloc       0%         N/A       87%         3
 Spider Form              Tmut/Pois      0%         N/A       87%         3
 Stone Arrow              Conj/Erth      0%         3d7       87%         3
 Teleport Other           Tloc           0%         N/A       87%         3
 Fulminant Prism          Conj/Hex       0%         3d6       99%         4
 Iskenderun's Mystic Bla  Conj/Tloc      0%         2d3       99%         4
 Leda's Liquefaction      Hex/Erth       0%         N/A       99%         4
 Summon Lightning Spire   Summ/Air       0%         N/A       99%         4
 Agony                    Necr           0%         N/A       100%        5
 Alistair's Intoxication  Tmut/Pois      0%         N/A       100%        5
 Borgnjor's Vile Clutch   Necr/Erth      0%         N/A       100%        5
 Lee's Rapid Deconstruct  Erth           0%         3d5*      100%        5
 Manifold Assault         Tloc           0%         N/A       100%        5
 Silence                  Hex/Air        0%         N/A       100%        5
 Eringya's Noxious Bog    Tmut/Pois      0%         N/A       100%        6
 Storm Form               Tmut/Air       0%         N/A       100%        7
 Maxwell's Capacitive Co  Air            0%         ∞         100%        8


Dungeon Overview and Level Annotations

Branches:
Dungeon (12/15)            Temple (1/1) D:6            Lair (6/6) D:9
 Shoals (0/4) Lair:4        Snake (0/4) Lair:2        Slime (0/5) Lair:5
    Orc (1/2) D:10        Ossuary (visited)

Altars:
Ashenzari
Cheibriados
Dithmenos
Elyvilon
Fedhas
Gozag
Hepliaklqana
Kikubaaqudgha
Makhleb
Nemelex Xobeh
Okawaru
Qazlal
Ru
Sif Muna
Trog
Uskayaw
Vehumet
Wu Jian
Xom
Yredelemnul
Zin
The Shining One
Beogh

Shops:
D:4 *

Annotations:
D:4 3 runed translucent doors, Spaninq's ghost, amateur DrTm
D:6 2 runed translucent doors, exclusion: downstairs, HuGe's ghost, novice HOBe
D:9 2 transporters, Erica; Rennog's ghost, novice DjFE
D:11 Gastronok
Lair:6 2 runed translucent doors


Innate Abilities, Weirdness & Mutations

You are too large for most types of armour.
You have claws for hands.
Your natural rate of healing is unusually fast.
You are covered in fur. (AC +1)
You have tough skin. (AC +1)


Message History

The orc warlord draws strength from your wounds!
The warg bites you but does no damage.
Unknown command.
You claw the orc warlord!
The orc warlord is almost dead.
The warg barely misses you. You block the orc warlord's attack.
Unknown command.
You scratch the orc warlord but do no damage.
The orc warlord is almost dead.
The warg barely misses you.
The orc warlord hits you with a +2 vampiric battleaxe!!
The orc warlord draws strength from your wounds!
Unknown command.
You scratch the orc warlord but do no damage.
The orc warlord is almost dead.
The warg bites you.
Unknown command.
You claw the orc warlord!
The orc warlord is almost dead.
The orc warlord hits you with a +2 vampiric battleaxe!!
* * * LOW HITPOINT WARNING * * *
The warg bites you!
* * * LOW HITPOINT WARNING * * *
Unknown command.
You feel better. You block the warg's attack.
The orc warlord barely misses you.
You feel better. You block the warg's attack.
The orc warlord closely misses you. You block the warg's attack.
Okay, then.
You feel very mighty all of a sudden.
The orc warlord hits you with a +2 vampiric battleaxe!
* * * LOW HITPOINT WARNING * * *
You block the warg's attack.
You closely miss the orc warlord.
The orc warlord is almost dead.
The orc warlord hits you with a +2 vampiric battleaxe!!
* * * LOW HITPOINT WARNING * * *
The orc warlord draws strength from your wounds!
The warg bites you!
You die...

#.#.###.#.#.#....# #.#..#.
#.#.#####.#.#....# #...>#.
#.#.......#.#....# ####.#.
########.#####.....#....######.#.
.......#.#...#.#####.............
.......#.#.#.#.#####.#.#######.##
.......#.#.#.........#.#.....#.#
.......#.#.###.h######.#.# #.#.#
.......#.#.....o@# #...(.###.#.#
[......#.######### #.......#.#.##
.........####### #....##.#.....
...............# #.....#.#...##
...............# #####'#...#...##
...............# #.###.###.#.....
######.........# #...............
#.........###.###.###.##..#.
#.........'............#.)#.


You could see an orc warlord and a warg.

Vanquished Creatures
  An orc warlord (Orc:1)
  8 hydras
  A boulder beetle (Lair:2)
  A catoblepas (Lair:3)
  3 two-headed ogres
  4 death yaks
  A lindwurm (Lair:6)
  3 orc knights (Orc:1)
  4 orc sorcerers
  13 elephants
  A merfolk siren (Lair:4)
  7 black mambas
  3 molten gargoyles (Lair:6)
  A gargoyle (D:11)
  2 rime drakes
  11 cane toads
  11 komodo dragons
  A polar bear (Lair:6)
  6 trolls
  A hornet (D:10)
  4 slime creatures (D:12)
  12 blink frogs
  A shadow (D:11)
  55 yaks
  2 wyverns
  2 vampires
  9 basilisks
  2 steam dragons (Lair:6)
  3 wargs (Orc:1)
  3 nagas (Lair:2)
  An acid dragon (D:11)
  18 water moccasins
  3 hell hounds (Lair:6)
  20 orc warriors
  An ice beast (D:8)
  4 ogres
  3 sky beasts
  4 black bears
  3 necrophages
  4 centaurs
  9 wolves
  A kobold brigand (D:10)
  11 bullfrogs
  4 scorpions
  A gnoll sergeant (D:5)
  15 killer bees (D:9)
  An electric eel (Lair:3)
  4 wights (D:7)
  6 howler monkeys
  4 centaur zombies
  5 lava snakes (Lair:6)
  A hound (D:4)
  2 bullfrog skeletons
  17 orc priests
  A jelly (D:2)
  Jessica (D:2)
  3 iguanas
  16 orc wizards
  2 killer bee zombies
  A hound skeleton (D:2)
  8 mummies (Ossuary)
  A howler monkey zombie (D:10)
  13 gnolls
  A howler monkey skeleton (D:5)
  11 adders
  2 white imps
  2 worms (D:3)
  2 dart slugs
  56 orcs
  8 ball pythons
  2 giant cockroaches
  A gnoll zombie (Ossuary)
  5 goblins
  6 hobgoblins
  9 bats
  A frilled lizard (D:1)
  2 hobgoblin zombies (Ossuary)
  8 kobolds
  3 kobold zombies (Ossuary)
  2 orc zombies (Ossuary)
  10 rats
495 creatures vanquished.

Vanquished Creatures (others)
  An orc (Orc:1)
  47 fungi
  47 plants
95 creatures vanquished.

Grand Total: 590 creatures vanquished

Notes
Turn   | Place    | Note
-------+----------+-------------------------------------------
     0 | D:1      | frogsbabysitter the Troll Fighter began the quest for the
                  | Orb.
     0 | D:1      | Reached XP level 1. HP: 22/22 MP: 0/0
   244 | D:1      | Reached XP level 2. HP: 29/29 MP: 1/1
   559 | D:2      | Noticed Jessica
   608 | D:2      | Killed Jessica
   609 | D:2      | Reached skill level 3 in Unarmed Combat
   609 | D:2      | Reached XP level 3. HP: 11/36 MP: 2/2
  1004 | D:2      | Noticed a floating eye
  1006 | D:2      | Found a faded altar of an unknown god.
  1010 | D:2      | Noticed a floating eye
  1031 | D:2      | Noticed a great orb of eyes
  1031 | D:2      | Noticed an eye of devastation
  1098 | D:2      | Reached XP level 4. HP: 45/45 MP: 3/3
  1357 | D:2      | Reached skill level 4 in Unarmed Combat
  1461 | D:3      | Reached XP level 5. HP: 53/53 MP: 4/4
  1889 | D:3      | Found a white marble altar of Elyvilon.
  2045 | D:3      | Reached skill level 5 in Unarmed Combat
  2170 | D:3      | Found a shimmering blue altar of Sif Muna.
  2209 | D:3      | Reached XP level 6. HP: 62/62 MP: 5/5
  2660 | D:4      | Reached skill level 6 in Unarmed Combat
  2683 | D:4      | Found a runed translucent gate.
  2683 | D:4      | Noticed Spaninq's ghost (amateur DrTm)
  2684 | D:4      | Found a runed translucent gate.
  2685 | D:4      | Found a runed translucent gate.
  2686 | D:4      | Identified the +6 chain mail of the Cooper {Rampage rF+
                  | rN+}
  2721 | D:4      | Found Onaf's Gadget Gallery.
  3083 | D:4      | Reached XP level 7. HP: 69/70 MP: 6/6
  3119 | D:5      | Entered Level 5 of the Dungeon
  3403 | D:5      | Reached skill level 7 in Unarmed Combat
  3420 | D:5      | Found a sand-covered staircase.
  3431 | Ossuary  | Entered an ossuary
  3728 | D:5      | Reached skill level 5 in Fighting
  3776 | D:5      | Reached skill level 8 in Unarmed Combat
  3776 | D:5      | Reached XP level 8. HP: 61/80 MP: 7/7
  4681 | D:6      | Found a large runed translucent door.
  4682 | D:6      | Found a large runed translucent door.
  4685 | D:6      | Noticed HuGe's ghost (novice HOBe)
  4792 | D:6      | Found a staircase to the Ecumenical Temple.
  4801 | Temple   | Entered the Ecumenical Temple
  5105 | Temple   | Became a worshipper of the Wu Jian Council
  5181 | D:6      | Reached skill level 9 in Unarmed Combat
  5444 | D:6      | Found a sacrificial altar of Ru.
  5804 | D:7      | Noticed a two-headed ogre
  6313 | D:7      | Reached XP level 9. HP: 86/89 MP: 8/8
  6869 | D:7      | Reached * piety under Wu Jian
  7017 | D:7      | Reached skill level 10 in Unarmed Combat
  7136 | D:8      | Reached skill level 5 in Shields
  7171 | D:8      | Reached XP level 10. HP: 83/104 MP: 6/9
  7250 | D:8      | Found a shadowy altar of Dithmenos.
  7665 | D:8      | Reached skill level 1 in Throwing
  8005 | D:9      | Reached ** piety under Wu Jian
  8077 | D:9      | Noticed Erica
  8083 | D:9      | Paralysed by Erica for 7 turns
  8212 | D:9      | Noticed a deep troll
  8216 | D:9      | Noticed a two-headed ogre
  8217 | D:9      | Found a transporter.
  8217 | D:9      | Noticed Rennog's ghost (novice DjFE)
  8220 | D:9      | Found a transporter.
  8530 | D:10     | Entered Level 10 of the Dungeon
  8557 | D:10     | Found a staircase to the Orcish Mines.
  8603 | D:10     | Noticed a two-headed ogre
  8728 | D:9      | Found an iron altar of Okawaru.
  8783 | D:9      | Found a staircase to the Lair.
  8884 | D:9      | Found a glowing golden altar of the Shining One.
  9113 | D:9      | Found a blossoming altar of Fedhas.
  9157 | Lair:1   | Entered Level 1 of the Lair of Beasts
  9186 | Lair:1   | Noticed a cane toad
  9274 | D:10     | Noticed a two-headed ogre
  9312 | D:10     | Killed a two-headed ogre
  9313 | D:10     | Reached XP level 11. HP: 92/113 MP: 7/10
  9429 | D:10     | Found a snail-covered altar of Cheibriados.
  9537 | D:10     | Reached *** piety under Wu Jian
  9919 | D:10     | Killed a two-headed ogre
  9920 | D:10     | Reached skill level 11 in Unarmed Combat
 10051 | D:11     | Noticed Gastronok
 10999 | D:12     | Noticed a two-headed ogre
 11017 | D:12     | Killed a two-headed ogre
 11018 | D:12     | Reached skill level 5 in Throwing
 11035 | D:12     | Noticed a purple ugly thing
 11917 | Lair:1   | Identified the ring "Ahoaczos" {Fire Drain Str+6}
 12110 | Lair:2   | Got Esuarph's Compendium of the Voyage and Fire
 12140 | Lair:2   | Reached XP level 12. HP: 117/126 MP: 8/11
 12225 | Lair:2   | Noticed a four-headed hydra
 12354 | Lair:2   | Reached skill level 12 in Unarmed Combat
 12512 | Lair:2   | Noticed a seven-headed hydra
 12816 | Lair:2   | Noticed a boulder beetle
 12832 | Lair:2   | Killed a boulder beetle
 12882 | Lair:2   | Reached skill level 10 in Fighting
 12956 | Lair:2   | Found a staircase to the Snake Pit.
 13410 | Lair:3   | Noticed a catoblepas
 13568 | Lair:3   | Noticed an eight-headed hydra
 13671 | Lair:3   | Noticed a five-headed hydra
 13682 | Lair:3   | Killed a five-headed hydra
 13718 | Lair:3   | Identified the amulet of Luluith {Spirit +Blink Will- SInv}
 14001 | Lair:2   | Killed a four-headed hydra
 14145 | Lair:3   | Killed a catoblepas
 14612 | Lair:4   | Noticed a four-headed hydra
 14705 | Lair:3   | Killed a four-headed hydra
 14835 | Lair:4   | Reached **** piety under Wu Jian
 14852 | Lair:4   | Noticed a six-headed hydra
 14994 | Lair:4   | Reached XP level 13. HP: 135/135 MP: 12/12
 15108 | Lair:4   | Identified the +7 mace "Sasypalywk" {protect, *Noise +Blink
                  | rN+}
 15451 | Lair:5   | Reached skill level 1 in Maces & Flails
 15586 | Lair:5   | Found a staircase to the Slime Pits.
 16076 | Lair:6   | Entered Level 6 of the Lair of Beasts
 16381 | Lair:4   | Found a staircase to the Shoals.
 17145 | Lair:6   | Reached skill level 10 in Shields
 17271 | Lair:6   | Found a large runed translucent door.
 17271 | Lair:6   | Noticed a fire dragon
 17316 | Lair:6   | Found a large runed translucent door.
 17778 | Lair:6   | Reached XP level 14. HP: 89/146 MP: 5/13
 18050 | Lair:5   | Reached skill level 5 in Maces & Flails
 18406 | Orc:1    | Entered Level 1 of the Orcish Mines
 18542 | Orc:1    | Reached ***** piety under Wu Jian
 18582 | Orc:1    | Paralysed by an orc sorcerer for 4 turns
 19112 | Orc:1    | Noticed an orc warlord
 19177 | Orc:1    | Killed an orc warlord
 19434 | Orc:1    | Noticed an orc warlord
 19490 | D:10     | Reached skill level 10 in Throwing
 19559 | D:10     | Slain by a warg

Illustrated notes

Levels and vault maps discovered:
D:1:      psy_arrival_dodecagon, layout_basic
D:2:      layout_basic, hellmonk_ecumenical_altar_watching_god,
          minmay_misc_feat_five, minmay_split_cup_small, uniq_jessica
D:3:      layout_loops_corners, overflow_temple_1_default,
          mainiacjoe_overflow_brackets
D:4:      layout_basic, biasface_ghost_orc_armoury, nicolae_shop_gadgets
D:5:      layout_basic, nicolae_ossuary_entry_ruins, minivault_24,
          amcnicky_mini_rare_corridor_liquid
D:6:      layout_loops_corners, marbit_many_paths,
          minmay_temple_entry_statues_pillars, ebering_ghost_disaster_area
D:7:      layout_loops_ring
D:8:      layout_loops_ring, mainiacjoe_overflow_24_doors
D:9:      layout_basic, lemuel_tele_altar, kennysheep_little_box,
          okawaru_ov_weapons_minmay, lair_entry_dummy, gammafunk_ghost_arena,
          serial_park_tiny_pond, uniq_erica
D:10:     layout_basic, kennysheep_slug_shrine, orc_0_dummy
D:11:     layout_basic, uniq_gastronok
D:12:     minmay_tile_spiral, layout_loops_ring, roderic_st_hans_cross
Temple:   minmay_temple_curvy_branch
Lair:1:   layout_small_grid, minmay_hedge_maze
Lair:2:   layout_chaotic_city, guppyfry_snake_entry_island, grunt_megastairs_3
Lair:3:   layout_chaotic_city, st_stairs_6, minivault_26,
          infiniplex_staircase_pool
Lair:4:   layout_loops_ring, minmay_shoals_entry_lonely_mermaid
Lair:5:   layout_regular_city, dpeg_slime_entry_corner,
          infiniplex_staircase_pool_2, serial_bayou_shore_b
Lair:6:   cheibrodos_lair_end_hotspot, layout_gridlike
Orc:1:    layout_diamond_mine, minmay_orc_treasury

Skill      XL: |  1  2  3  4  5  6  7  8  9 10 11 12 13 14 |
---------------+-------------------------------------------+-----
Unarmed Combat | 3 4 5 6 8 9 10 11 12 | 12.8
Fighting       | 3 4 5 6 7 8 9 10 11 | 11.8
Shields        | 3 5 7 8 9 10 | 10.8
Throwing       | 3 6 7 9 10 | 10.0
Maces & Flails | 4 5 |  5.9
Dodging        | |  2.4

Action                   |  1- 3 |  4- 6 |  7- 9 | 10-12 | 13-15 || total
-------------------------+-------+-------+-------+-------+-------++-------
Melee: Unarmed           |    68 |   138 |   269 |   491 |   497 ||  1463
       Mace              |       |       |       |   160 |    50 ||   210
Throw: Stone             |    82 |    81 |    66 |     8 |       ||   237
       Boomerang         |     1 |    25 |    27 |    66 |   206 ||   325
       Dart              |       |    22 |     9 |    28 |     4 ||    63
       Throwing net      |       |       |       |     2 |       ||     2
Invok: Lunge             |       |       |     4 |    30 |    55 ||    89
       Whirlwind         |       |       |     3 |    20 |    28 ||    51
       Serpent's Lash    |       |       |       |     9 |    13 ||    22
 Abil: Evoke Blink       |       |       |       |       |     2 ||     2
Evoke: Wand              |       |       |     2 |     8 |     1 ||    11
  Use: Scroll            |       |     6 |     7 |     9 |     2 ||    24
       Potion            |       |       |       |     8 |     4 ||    12
Armor: Robe              |    44 |    30 |    50 |    10 |       ||   134
       Troll leather arm |       |       |       |   174 |   121 ||   295
Dodge: Dodged            |    25 |    53 |    54 |   272 |   150 ||   554
Block: Kite shield       |    34 |    61 |    69 |   285 |   247 ||   696

Table legend: (Time is in decaauts)
 A = Elapsed time spent in this place.
 B = Non-inter-level travel time spent in this place.
 C = Inter-level travel time spent in this place.
 D = Time resting spent in this place.
 E = Time spent auto-exploring this place.
 F = Levels seen in this place.
 G = Mean time per level.
                   A        B        C        D        E       F      G
               +--------+--------+--------+--------+--------+-----+--------+
         Total |  19667 |  18074 |   1593 |   1237 |   1063 |  21 |  936.5 |
       Dungeon |  11163 |  10121 |   1042 |    475 |    393 |  12 |  930.2 |
        Temple |    327 |    270 |     57 |      0 |    246 |   1 |  327.0 |
          Lair |   6983 |   6490 |    493 |    711 |    319 |   6 | 1163.8 |
  Orcish Mines |    952 |    952 |      0 |     51 |    105 |   1 |  952.0 |
       Ossuary |    240 |    240 |      0 |      0 |      0 |   1 |  240.0 |
               +--------+--------+--------+--------+--------+-----+--------+

Top non-repeatable levels by time:
  Lair:4: 1327 daAuts
  Lair:2: 1310 daAuts
  Lair:6: 1289 daAuts
     D:7: 1227 daAuts
    D:10: 1225 daAuts
     D:9: 1222 daAuts
  Lair:3: 1199 daAuts
     D:3: 1119 daAuts
     D:6: 1099 daAuts
  Lair:5: 1074 daAuts
     D:5: 1070 daAuts
     D:8: 967 daAuts
   Orc:1: 952 daAuts
     D:2: 883 daAuts
  Lair:1: 782 daAuts
